 Dungeon Crawl Stone Soup version 0.25-a0-663-gace7076 (webtiles) character file.

Game seed: 3260191426728997877, levelgen mode: deterministic

10482 MrTaco21 the Basher (level 11, 0/60 HPs)
             Began as a Gargoyle Fighter on Mar 24, 2020.
             Was an Elder of Qazlal.
             Killed by divine providence
             ... invoked by an orc priest
              (14 damage)
             ... on level 10 of the Dungeon.
             The game lasted 00:22:39 (11138 turns).

MrTaco21 the Basher (Gargoyle Fighter)             Turns: 11138, Time: 00:22:40

Health: 0/60       AC: 23    Str: 22    XL:     11   Next: 62%
Magic:  11/11      EV: 11    Int: 10    God:    Qazlal [****..]
Gold:   149        SH: 18    Dex: 13    Spells: 10/10 levels left

rFire    . . .     SeeInvis .   b - +4 flail (freeze)
rCold    . . .     Gourm    .   L - +0 kite shield
rNeg     + . .     Faith    .   N - +3 chain mail of Pinautur {Dex+4}
rPois    ∞         Spirit   .   x - +0 helmet
rElec    +         Reflect  .   E - scarf {repulsion}
rCorr    +         Harm     .   y - +0 pair of gloves
MR       .....                  t - +0 pair of boots
Stlth    ..........             (no amulet)
HPRegen  0.20/turn              s - ring of resist corrosion
MPRegen  0.12/turn              r - +4 ring of evasion

@: repel missiles
A: negative energy resistance 1, electricity resistance, unbreathing,
petrification resistance, rot immunity, AC +8
a: Upheaval, Elemental Force, Renounce Religion


You were on level 10 of the Dungeon.
You worshipped Qazlal.
Qazlal was greatly pleased with you.
You were not hungry.

You visited 2 branches of the dungeon, and saw 11 of its levels.
You also visited: Ossuary.

You collected 604 gold pieces.
You spent 455 gold pieces at shops.

Inventory:

Hand Weapons
 b - a +4 flail of freezing (weapon)
   (You took it off a wight on level 9 of the Dungeon)
Missiles
 p - 6 poisoned darts (quivered)
Armour
 t - a +0 pair of boots (worn)
   (You found it on level 3 of the Dungeon)
 x - a +0 helmet (worn)
   (You found it on level 4 of the Dungeon)
 y - a +0 pair of gloves (worn)
   (You found it on level 4 of the Dungeon)
 E - a scarf of repulsion (worn)
   (You bought it in a shop on level 9 of the Dungeon)
 L - a +0 kite shield (worn)
 N - the +3 chain mail of Pinautur (worn) {Dex+4}
   (You bought it in a shop on level 9 of the Dungeon)

   It affects your dexterity (+4).
Jewellery
 n - an uncursed ring of ice
   (You found it on level 2 of the Dungeon)
 r - a +4 ring of evasion (right hand)
   (You found it on level 5 of the Dungeon)
 s - a ring of resist corrosion (left hand)
   (You found it on level 3 of the Dungeon)
 G - an uncursed amulet of faith {!P}
   (You found it on level 7 of the Dungeon)
Wands
 c - a wand of disintegration (16)
   (You found it on level 8 of the Dungeon)
 d - a wand of iceblast (6)
   (You found it on level 9 of the Dungeon)
 v - a wand of digging (5)
   (You took it off an orc on level 8 of the Dungeon)
 J - a wand of clouds (6)
   (You found it on level 8 of the Dungeon)
Scrolls
 f - a scroll of enchant weapon {unknown}
 h - a scroll of immolation {unknown}
 i - 8 scrolls of remove curse {@r2}
 o - a scroll of fog
 q - 2 scrolls of blinking {unknown}
 u - 3 scrolls of noise {!r}
 w - 6 scrolls of teleportation {@r4}
 A - a scroll of random uselessness {unknown}
 C - 2 scrolls of amnesia {unknown}
 F - a scroll of enchant armour {unknown}
 H - a scroll of acquirement {unknown}
Potions
 a - a potion of mutation {unknown}
 g - 2 potions of cancellation
 j - 4 potions of invisibility
 k - 4 potions of stabbing
 l - a potion of magic {unknown}
 m - 4 potions of curing {@q1}
 z - a potion of flight {unknown}
 B - 2 potions of lignification {unknown}
 D - 3 potions of ambrosia {unknown}
 I - a potion of resistance
 M - 2 potions of haste {@q3}
 O - a potion of might
Miscellaneous
 P - a phantom mirror
Comestibles
 e - 30 rations {!d}
 K - 9 chunks of flesh


   Skills:
 - Level 3.2 Fighting
 - Level 14.2 Maces & Flails
 - Level 3.2 Armour
 + Level 11.7 Shields


You had 10 spell levels left.
You didn't know any spells.
Your spell library was empty.

Dungeon Overview and Level Annotations

Branches:
Dungeon (10/15)            Temple (1/1) D:4            Lair (0/6) D:8
Ossuary (visited)
    Orc: D:9-12

Altars:
Ashenzari
Cheibriados
Dithmenos
Elyvilon
Fedhas
Gozag
Hepliaklqana
Kikubaaqudgha
Makhleb
Nemelex Xobeh
Okawaru
Qazlal
Ru
Sif Muna
Trog
Uskayaw
Vehumet
Wu Jian
Xom
Yredelemnul
Zin
The Shining One
Lugonu

Shops:
D:7 =   D:9 [

Annotations:
D:4 3 runed translucent doors, Faels's ghost, amateur GnWz
D:9 1 transporter


Innate Abilities, Weirdness & Mutations

You are resistant to torment.
Your stone body is resilient. (AC +8)
You are immune to poison.
You resist negative energy. (rN+)
You are resistant to electric shocks. (rElec)
You can survive without breathing.
You are immune to petrification.
You are immune to rotting.


Message History

The black bear bites you but does no damage.
You block the black bear's attack. x2
You barely miss the black bear. You block the black bear's attack.
The black bear claws you but does no damage.
You block the black bear's attack.
You hit the black bear. You freeze the black bear.
You kill the black bear!
Qazlal accepts your kill.
You start resting.
You hear a shout! x2
You hear a bark!
You hear a shout! x4
An orc comes into view. It is wielding a +0 flail.
An orc comes into view. It is wielding a +0 morningstar.
You hear a shout!
An orc comes into view. It is wielding a +0 mace.
The orc shouts!
An orc comes into view.
Found a scroll labeled CIYJUN CU QOWN.
You hit the orc. You freeze the orc. The orc misses you.
You closely miss the orc.
An orc priest comes into view. It is wielding a +0 dagger.
You closely miss the orc. You block the orc's attack.
You sock the orc! You freeze the orc.
You kill the orc!
Qazlal accepts your kill.
The orc is engulfed in blazing flames.
You kill the orc!
Qazlal accepts your kill.
The orc priest invokes the aid of Beogh against you.
Beogh smites you!
* * * LOW HITPOINT WARNING * * *
The orc barely misses you.
Things that are here:
a +0 flail; an orc corpse The orc throws a boomerang.
You block the boomerang.
The weapon returns to the orc!
The orc throws a boomerang.
You block the boomerang.
The weapon returns to the orc!
The orc throws a boomerang.
You block the boomerang.
The weapon returns to the orc!
The orc priest calls down the wrath of Beogh upon you.
Beogh smites you!
* * * LOW HITPOINT WARNING * * *
The orc throws a boomerang.
You block the boomerang.
The weapon returns to the orc!
The orc throws a boomerang.
You block the boomerang.
The weapon returns to the orc!
The orc priest calls down the wrath of Beogh upon you.
Beogh smites you!
You die...

.+...........# ..#......##..#
....... ..#.....##...# .......
..#....##....# .......
..#...##.....# .......
..#..##......# .......
..#.##...).).# #######.......
###+#........#####..§.o....:...
#...#..........☼@.o....)o......
_.#######......°............. .
..........§§.§........?.
.........................
#............:...%.......
##.......................
##....#######........... ##...
#........... ##.. #††.#+#####


You could see an orc priest and an orc.

Vanquished Creatures
  Gastronok (D:9)
  Erica (D:9)
  A tengu warrior (D:7)
  Grinder (D:4)
  3 hippogriffs
  A wraith (Ossuary)
  A spriggan (D:7)
  10 yaks (D:10)
  Grum (D:8)
  A steam dragon (D:8)
  Menkaure (D:6)
  4 porcupines
  A sky beast (D:10)
  An orc warrior (D:8)
  3 black bears
  An eye of draining (D:9)
  3 ice beasts
  A necrophage (D:5)
  2 phantoms
  2 centaurs
  2 ogres
  3 wolves
  7 bullfrogs
  Blork the orc (D:6)
  2 big kobolds
  5 scorpions
  A water moccasin skeleton (D:7)
  10 wights
  A howler monkey (D:5)
  A crimson imp (D:5)
  A quasit (D:5)
  A jelly (D:8)
  A centaur skeleton (D:8)
  5 hounds
  4 orc priests
  2 bullfrog skeletons
  9 orc wizards
  Terence (D:2)
  5 iguanas
  6 worker ants
  2 hound skeletons
  A mummy (Ossuary)
  A worker ant zombie (D:6)
  7 adders
  8 gnolls
  2 howler monkey skeletons
  A shadow imp (D:8)
  An ooze (D:1)
  An adder skeleton (D:5)
  2 adder zombies
  3 worms
  7 leopard geckos
  32 orcs
  5 giant cockroaches
  4 goblins
  6 hobgoblins
  8 jackals
  17 kobolds
  6 quokkas
  3 ball pythons
  11 bats
  17 frilled lizards
  8 gnoll skeletons (Ossuary)
  A jackal skeleton (D:3)
  A jackal zombie (D:6)
  5 kobold skeletons (Ossuary)
  12 orc skeletons (Ossuary)
  11 rats
291 creatures vanquished.

Vanquished Creatures (others)
  A rat (D:3)
  31 fungi (D:8)
  9 plants (D:8)
41 creatures vanquished.

Grand Total: 332 creatures vanquished

Notes
Turn   | Place    | Note
-------+----------+-------------------------------------------
     0 | D:1      | MrTaco21 the Gargoyle Fighter began the quest for the Orb.
     0 | D:1      | Reached XP level 1. HP: 14/14 MP: 1/1
   244 | D:1      | Reached XP level 2. HP: 19/19 MP: 2/2
   428 | D:1      | Reached skill level 3 in Maces & Flails
   883 | D:2      | Reached XP level 3. HP: 6/23 MP: 3/3
  1022 | D:2      | Noticed Terence
  1039 | D:2      | Killed Terence
  1039 | D:2      | Reached skill level 4 in Maces & Flails
  1039 | D:2      | Reached XP level 4. HP: 10/28 MP: 4/4
  2034 | D:3      | Reached skill level 5 in Maces & Flails
  2067 | D:3      | Reached XP level 5. HP: 28/32 MP: 5/5
  2228 | D:3      | Found a stormy altar of Qazlal.
  2247 | D:3      | Became a worshipper of Qazlal Stormbringer
  2485 | D:4      | Found a staircase to the Ecumenical Temple.
  2500 | Temple   | Entered the Ecumenical Temple
  2776 | D:4      | Found a runed translucent gate.
  2776 | D:4      | Found a runed translucent gate.
  2776 | D:4      | Found a runed translucent gate.
  2777 | D:4      | Found an opulent altar of Gozag.
  2777 | D:4      | Noticed Faels's ghost (amateur GnWz)
  2793 | D:4      | Noticed Grinder
  2807 | D:4      | Paralysed by Grinder for 6 turns
  2824 | D:4      | Killed Grinder
  2824 | D:4      | Reached skill level 7 in Maces & Flails
  2824 | D:4      | Reached XP level 6. HP: 3/37 MP: 6/6
  3692 | D:4      | Reached XP level 7. HP: 39/41 MP: 7/7
  3856 | D:5      | Entered Level 5 of the Dungeon
  4075 | D:5      | Reached skill level 8 in Maces & Flails
  4107 | D:5      | Reached * piety under Qazlal
  4114 | D:5      | Reached skill level 9 in Maces & Flails
  4114 | D:5      | Reached XP level 8. HP: 43/46 MP: 8/8
  4583 | D:6      | Noticed Menkaure
  4599 | D:6      | Killed Menkaure
  4888 | D:6      | Found a sand-covered staircase.
  4894 | Ossuary  | Entered an ossuary
  4894 | Ossuary  | Noticed a wraith
  4894 | Ossuary  | Noticed a wraith
  4894 | Ossuary  | Noticed a wraith
  4952 | Ossuary  | Noticed a wraith
  4973 | Ossuary  | Killed a wraith
  4973 | Ossuary  | Reached skill level 10 in Maces & Flails
  5021 | Ossuary  | Reached ** piety under Qazlal
  5453 | D:6      | Noticed Blork the orc
  5469 | D:6      | Killed Blork the orc
  5469 | D:6      | Reached skill level 11 in Maces & Flails
  5486 | D:6      | Reached XP level 9. HP: 25/51 MP: 9/9
  5671 | D:6      | Found a glowing silver altar of Zin.
  6157 | D:7      | Found Niroutiad's Jewellery Boutique.
  6632 | D:7      | Reached skill level 12 in Maces & Flails
  6835 | D:8      | Reached *** piety under Qazlal
  7201 | D:8      | Reached skill level 5 in Shields
  7206 | D:8      | Found a staircase to the Lair.
  7588 | D:8      | Reached XP level 10. HP: 56/56 MP: 10/10
  7768 | D:8      | Reached skill level 13 in Maces & Flails
  7769 | D:8      | Noticed a tengu warrior
  7832 | D:8      | Noticed Grum
  8706 | D:8      | HP: 2/56 [Grum/+1 vampiric spear (9)]
  9064 | D:7      | Killed a tengu warrior
  9370 | D:8      | Killed Grum
  9741 | D:9      | Noticed Gastronok
  9848 | D:9      | Found Kycsogre's Antique Armour Boutique.
  9854 | D:9      | Bought a glowing scarf for 208 gold pieces
  9854 | D:9      | Bought a warped chain mail for 247 gold pieces
  9854 | D:9      | Identified the +3 chain mail of Pinautur {Dex+4} (You
                  | bought it in a shop on level 9 of the Dungeon)
  9910 | D:9      | Reached **** piety under Qazlal
 10087 | D:9      | Killed Gastronok
 10087 | D:9      | Reached skill level 14 in Maces & Flails
 10087 | D:9      | Reached XP level 11. HP: 27/60 MP: 11/11
 10274 | D:9      | Noticed Erica
 10322 | D:9      | Killed Erica
 10322 | D:9      | Reached skill level 10 in Shields
 10493 | D:9      | Found a shadowy altar of Dithmenos.
 10557 | D:9      | Found a transporter.
 10891 | D:9      | Noticed a white ugly thing
 10891 | D:9      | Noticed a red ugly thing
 10892 | D:9      | Found a corrupted altar of Lugonu.
 10892 | D:9      | Noticed a white ugly thing
 10892 | D:9      | Noticed a purple ugly thing
 10920 | D:10     | Entered Level 10 of the Dungeon
 11031 | D:10     | Found a shattered altar of Ashenzari.
 11138 | D:10     | Killed from afar by an orc priest

Levels and vault maps discovered:
D:1:      dpeg_arrival_three_same_balls, layout_basic,
          chequers_serial_rivers_room_a, minmay_tromino_v2
D:2:      layout_basic, minmay_lizard_king, uniq_terence
D:3:      layout_rooms, first_ration, grunt_qazlal_clouds
D:4:      layout_loops_corners, minmay_temple_entry_crystal_x,
          ebering_ghost_gozag, uniq_grinder
D:5:      layout_cave_pools, minmay_misc_feat_x, minivault_26
D:6:      layout_loops_ring, basic_altar, nicolae_ossuary_entry_monument,
          uniq_menkaure, uniq_blork_the_orc
D:7:      layout_loops_ring, serial_shops, shop_statue, the_bakery
D:8:      layout_rooms, due_lair_maze_entry_diamond,
          eino_small_chamber_without_monster, uniq_grum
D:9:      gammafunk_corrupted_shrine, layout_loops_corners, serial_shops,
          nicolae_shop_stone, nicolae_dithmenos_through_a_glass_darkly,
          uniq_gastronok, uniq_erica
D:10:     layout_irregular_city, nicolae_ashenzari_panopticon
Temple:   kilobyte_greek_temple

Skill      XL: |  1  2  3  4  5  6  7  8  9 10 11 |
---------------+----------------------------------+-----
Maces & Flails | 3 4 5 7 9 11 12 14 | 14.2
Shields        | 5 9 11 | 11.7
Fighting       | |  3.2
Armour         | |  3.2

Action                   |  1- 3 |  4- 6 |  7- 9 | 10-12 || total
-------------------------+-------+-------+-------+-------++-------
Melee: Flail             |    51 |       |       |   143 ||   194
       Mace              |    45 |   268 |   473 |   325 ||  1111
       Unarmed           |       |       |       |     2 ||     2
Throw: Dart              |       |     3 |       |       ||     3
  Use: Scroll            |       |       |    12 |     2 ||    14
       Potion            |       |       |     2 |     1 ||     3
  Eat: Chunk             |     1 |     8 |    10 |    12 ||    31
       Ration            |       |       |     1 |       ||     1
Armor: Scale mail        |    61 |   192 |   180 |   105 ||   538
       Chain mail        |       |       |       |    61 ||    61
       Skin              |       |       |       |     3 ||     3
Dodge: Dodged            |    18 |   100 |   147 |   124 ||   389
Block: Kite shield       |    61 |   154 |   265 |   370 ||   850
       Other             |       |       |       |     1 ||     1

Table legend:
 A = Non-vault XP
 B = Vault XP
 C = Vault XP percentage of total XP
 D = Non-vault monster count
 E = Vault monster count
 F = Vault count percentage of total count
                 A         B        C        D         E       F
            +---------+---------+-------+---------+---------+-------
      Total |    9176 |    5799 |  38.7 |     229 |      62 |  21.3
            +---------+---------+-------+---------+---------+-------
        D:1 |      22 |       3 |  12.0 |      13 |       2 |  13.3
        D:2 |      58 |      51 |  46.8 |      20 |      14 |  41.2
        D:3 |      56 |       0 |   0.0 |      27 |       0 |   0.0
        D:4 |     197 |     290 |  59.5 |      22 |       1 |   4.3
        D:5 |     777 |       0 |   0.0 |      26 |       0 |   0.0
        D:6 |     633 |     266 |  29.6 |      21 |       2 |   8.7
        D:7 |    1601 |     956 |  37.4 |      16 |       7 |  30.4
        D:8 |    1660 |     702 |  29.7 |      29 |       6 |  17.1
        D:9 |    1496 |    3152 |  67.8 |      27 |       2 |   6.9
       D:10 |    2676 |     116 |   4.2 |      28 |       1 |   3.4
    Ossuary |       0 |     263 | 100.0 |       0 |      27 | 100.0
            +---------+---------+-------+---------+---------+-------
